 Dungeon Sprint DCSS version 0.22.1-1-ga44c0e56f4 (webtiles) character file.

46 MuseOD the Firebug (level 3, -1/26 HPs)
             Began as a Hill Orc Fire Elementalist on Oct 4, 2018.
             Slain by Crazy Yiuf
             ... wielding a +4 quarterstaff of chaos
              (14 damage)
             ... in the Dungeon (Sprint III: "The Ten Rune Challenge").
             The game lasted 00:01:03 (533 turns).

MuseOD the Firebug (Hill Orc Fire Elementalist)      Turns: 533, Time: 00:01:04

Health: -1/26      AC:  2    Str: 10    XL:     3   Next: 66%
Magic:  2/7        EV: 12    Int: 15    God:
Gold:   0          SH:  0    Dex: 12    Spells: 2/8 levels left

rFire    . . .     SeeInvis .   j - +0 mace
rCold    . . .     Gourm    .   (no shield)
rNeg     . . .     Faith    .   a - +0 robe
rPois    .         Spirit   .   (no helmet)
rElec    .         Reflect  .   (no cloak)
rCorr    .         Harm     .   (no gloves)
MR       .....     NoTele   +   (no boots)
Stlth    ++........             (no amulet)
HPRegen  0.08/turn              (no ring)
MPRegen  0.10/turn              (no ring)

@: drained
A: no striking features
a: no special abilities


You were in the Dungeon.
You were not hungry.

You visited 1 branch

Inventory:

Hand Weapons
 j - a +0 mace (weapon)
Armour
 a - a +0 robe (worn)
Scrolls
 i - a scroll of blinking
Potions
 b - a potion of lignification {unknown}
 d - a potion of curing
 e - a potion of heal wounds
 f - a potion of haste
 g - 2 potions of magic
 h - a potion of berserk rage
Comestibles
 c - a ration


   Skills:
 - Level 1.5(1.2) Dodging
 + Level 3.4(3.1) Stealth
 + Level 3.0(2.6) Spellcasting
 + Level 3.4(3.0) Conjurations
 + Level 4.9(4.6) Fire Magic


You had 2 spell levels left.
You knew the following spells:

 Your Spells              Type           Power        Failure   Level  Hunger
a - Flame Tongue          Conj/Fire      ##...        4%          1    #......
b - Throw Flame           Conj/Fire      ##....       6%          2    ###....
c - Conjure Flame         Conj/Fire      ##......     13%         3    ###....

Your spell library contained the following spells:

 Spells                   Type           Power        Failure   Level  Hunger
 Inner Flame              Hex/Fire       #.......     24%         3    ###....
 Sticky Flame             Conj/Fire      ##......     38%         4    #####..
 Fireball                 Conj/Fire      ##........   75%         5    ######.


Dungeon Overview and Level Annotations

Branches:
Dungeon (1/1)

Altars:

Annotations:
D Crazy Yiuf


Message History

Crazy Yiuf is moderately wounded.
Crazy Yiuf closely misses you.
Casting: Flame Tongue (safe; 4% risk of failure)
Confirm with . or Enter, or press ? or * to list all spells.
Aiming: Flame Tongue (safe; 4% risk of failure)
Press: ? - help, Shift-Dir - straight line, f/p - Crazy Yiuf
Aim: Crazy Yiuf, wielding a quarterstaff of chaos and wearing an embroidered The flame tongue hits Crazy Yiuf.
Crazy Yiuf is heavily wounded.
Crazy Yiuf barely misses you.
Casting: Flame Tongue (safe; 4% risk of failure)
Confirm with . or Enter, or press ? or * to list all spells.
Aiming: Flame Tongue (safe; 4% risk of failure)
Press: ? - help, Shift-Dir - straight line, f/p - Crazy Yiuf
Aim: Crazy Yiuf, wielding a quarterstaff of chaos and wearing an embroidered The flame tongue hits Crazy Yiuf.
Crazy Yiuf appears unharmed.
Crazy Yiuf is heavily wounded.
Crazy Yiuf hits you with a quarterstaff of chaos!
Ouch! That really hurt!
You die...

▓▓▓▓▓▓▓▓▓
▓<..#...####
▓...#......##
▓..##.......# .#
▓##.##.##...# .#
##.##.###..# ..#
▓#.####.##..# ...+
▓†###..##..##
#...# ▓#..)..##.@#
#....#
###..##..g##.....#
#..##....#......#
#..###..##.#.....#
#(. #.. ####....#
▓▓▓ ▓▓▓ ▓▓▓▓▓


You could see Crazy Yiuf.

Vanquished Creatures
  Jessica (D)
  A human (D)
  3 rats (D)
5 creatures vanquished.

Vanquished Creatures (others)
  2 draconian scorchers (D)
  6 hellions (D)
  2 yaktaurs (D)
  4 plants (D)
14 creatures vanquished.

Grand Total: 19 creatures vanquished

Notes
Turn   | Place    | Note
-------+----------+-------------------------------------------
     0 | D        | MuseOD the Hill Orc Fire Elementalist began the quest for
                  | the Orb.
     0 | D        | Reached XP level 1. HP: 14/14 MP: 3/3
    38 | D        | Noticed Jessica
    47 | D        | Killed a yaktaur
    51 | D        | Killed Jessica
    51 | D        | Reached skill level 4 in Fire Magic
    51 | D        | Reached XP level 2. HP: 7/20 MP: 0/5
    51 | D        | Reached XP level 3. HP: 9/26 MP: 0/7
   100 | D        | Killed a hellion
   101 | D        | Killed a hellion
   122 | D        | Killed a hellion
   123 | D        | Killed a hellion
   123 | D        | Killed a hellion
   218 | D        | Killed a yaktaur
   237 | D        | Killed a white draconian scorcher
   277 | D        | Killed a white draconian scorcher
   378 | D        | Learned a level 2 spell: Throw Flame
   382 | D        | Learned a level 3 spell: Conjure Flame
   449 | D        | Killed a hellion
   523 | D        | Noticed Crazy Yiuf
   533 | D        | Slain by Crazy Yiuf

Skill      XL: |  1  2  3 |
---------------+----------+-----
Stealth        | 3 |  3.4
Spellcasting   | 2 3 |  3.0
Conjurations   | 3 |  3.4
Fire Magic     | 4 |  4.9
Dodging        | |  1.5

Action                   || total
-------------------------++-------
Melee: Mace              ||     3
 Cast: Flame Tongue      ||    20
 Stab: Sleeping          ||     1
Dodge: Dodged            ||     7
